AoeStats
← 𝖋𝖔𝖈𝖆

Black Forest

510474036Analyzed
4v4 RM · 1d ago on Oct 1, 2026· 39m 27s· 8 players
Game mode
Random Map
Map size
Large (8 player)
Population
200
Speed
Normal
Resources
Standard
Victory
Conquest
Starting age
Dark Age
Ending age
Imperial Age
RankedLock teamsTeams togetherTeam positionsShared explorationLock speedFull tech treeHidden civsTurbo modeCheats
Victory
Defeat
🇨🇳 Burmese · China
1321
+13
1291
+14
🇨🇳 Persians · China
1255
+16
🇨🇳 Portuguese · China
1059
+24
🇨🇳 Britons · China
1279
-17
🇮🇹 Goths · Italy
1252
-17
🇷🇴 Mongols · Romania
1242
-17
🇮🇳 Danes · India
1221
-16
doncath44
3:54 Loom
5:11 Loom
12:07 Feudal Age
16:29 Castle Age
15:50 Double-Bit Axe
16:02 Gold Mining
20:56 Horse Collar
22:13 Heavy Plow
23:13 Wheelbarrow
23:29 Bow Saw
25:55 Hand Cart
30:38 Imperial Age
29:33 Fletching
31:10 Ballistics
30:15 Pikeman
30:56 Squires
31:45 Bodkin Arrow
32:04 Halberdier
33:17 Scale Mail Armor
34:01 Conscription
33:34 Hamask
35:04 Chain Mail Armor
35:26 Forging
37:57 Plate Mail Armor
39:39 Iron Casting
胖过
9:58 Feudal Age
14:04 Castle Age
12:33 Double-Bit Axe
13:45 Horse Collar
15:50 Bow Saw
24:16 Gold Mining
24:44 Stone Mining
26:11 Heavy Plow
28:07 Gold Shaft Mining
28:35 Wheelbarrow
27:47 Town Watch
31:45 Imperial Age
29:15 Fletching
29:31 Padded Archer Armor
29:48 Loom
30:20 Hand Cart
31:36 Ballistics
31:14 Bodkin Arrow
31:31 Forging
32:38 Masonry
34:19 Two-Man Saw
34:23 Chemistry
33:54 Architecture
35:03 Siege Engineers
36:46 Conscription
36:47 Yeomen
36:44 Pikeman
37:25 Squires
37:23 Halberdier
37:49 Arson
39:46 Scale Mail Armor
40:22 Iron Casting
39:48 Bracer
MLT | Bombad Gastald
0:31 Loom
10:01 Feudal Age
10:08 Man-at-Arms
11:17 Double-Bit Axe
20:15 Castle Age
19:18 Scale Mail Armor
19:29 Forging
20:31 Long Swordsman
21:13 Squires
21:20 Horse Collar
28:37 Heavy Plow
29:09 Bow Saw
32:12 Pikeman
34:09 Gold Mining
36:14 Chain Mail Armor
𝖋𝖔𝖈𝖆
6:38 Loom
13:42 Feudal Age
14:26 Double-Bit Axe
14:23 Horse Collar
18:27 Castle Age
16:20 Stone Mining
16:22 Gold Mining
23:39 Wheelbarrow
32:04 Hand Cart
33:10 Bow Saw
38:06 Imperial Age
35:38 Padded Archer Armor
35:29 Fletching
35:40 Padded Archer Armor
35:31 Fletching
35:41 Padded Archer Armor
35:32 Fletching
35:44 Padded Archer Armor
35:34 Fletching
35:44 Padded Archer Armor
35:36 Fletching
35:47 Padded Archer Armor
35:38 Fletching
37:16 Gold Shaft Mining
38:57 Leather Archer Armor
38:37 Bodkin Arrow
39:09 Conscription
IMPORTAINER S.A @ DaNkoN_ARG
3:11 Loom
10:57 Feudal Age
15:06 Castle Age
14:17 Double-Bit Axe
14:14 Horse Collar
17:51 Bow Saw
23:21 Heavy Plow
24:07 Wheelbarrow
29:15 Imperial Age
27:46 Hand Cart
28:26 Bloodlines
28:17 Husbandry
28:29 Forging
28:25 Scale Barding Armor
29:03 Cavalier
30:04 Chain Barding Armor
32:04 Chemistry
31:56 Plate Barding Armor
32:05 Crop Rotation
32:37 Two-Man Saw
33:41 Iron Casting
32:46 Savar
33:51 Masonry
36:06 Blast Furnace
38:08 Fletching
38:32 Light Cavalry
39:01 Town Watch
见不久好
1:04 Loom
3:38 Loom
5:53 Loom
12:05 Feudal Age
17:54 Castle Age
17:31 Town Watch
18:22 Wheelbarrow
17:45 Gold Mining
19:32 Scale Barding Armor
27:31 Chain Barding Armor
30:01 Husbandry
30:11 Bloodlines
34:37 Imperial Age
33:35 Gold Shaft Mining
33:32 Horse Collar
34:11 Hand Cart
35:40 Conscription
36:06 Conscription
36:45 Elite Arambai
忘情
0:34 Loom
12:05 Feudal Age
20:34 Horse Collar
20:44 Double-Bit Axe
24:12 Castle Age
25:35 Wheelbarrow
25:46 Bow Saw
25:39 Heavy Plow
28:24 Caravan
33:34 Imperial Age
31:51 Stone Mining
32:41 Fletching
33:32 Caravan
36:50 Hand Cart
37:39 Chemistry
37:00 Ballistics
37:37 Bodkin Arrow
38:17 Guilds
38:37 Coinage
38:34 Bracer
38:49 Masonry
38:19 Treadmill Crane
dy小妖
8:00 Loom
12:56 Feudal Age
16:55 Castle Age
15:07 Double-Bit Axe
15:51 Stone Mining
15:45 Horse Collar
18:28 Bow Saw
20:56 Heavy Plow
23:45 Wheelbarrow
25:25 Town Watch
26:08 Gold Mining
28:59 Gold Shaft Mining
31:43 Imperial Age
29:20 Scale Barding Armor
29:48 Husbandry
29:59 Bloodlines
30:57 Chain Barding Armor
31:54 Hand Cart
31:35 Cavalier
32:53 Plate Barding Armor
33:20 Savar
34:27 Forging
35:06 Conscription
36:06 Iron Casting
37:59 Blast Furnace
Connection lost

Rejoining the realm…

Still unreachable

The connection could not be restored.

Session expired

The server has moved on; the page needs a fresh start.